| TOP OF THE 1ST |
|
Quad Cities River Bandits batting - Pitching for Beloit Snappers : RHP Jan Cole
|
|
Pitching: RHP Jan Cole
|
|
|
Batting: RHB Xavier Castaneda
|
0-0: Ball 1-0: Swinging Strike 1-1: Swinging Strike 1-2: DOUBLE (Line Drive, 9LD, EV 106.9 MPH)
|
|
Batting: RHB Nick Deegan
|
0-0: Called Strike 0-1: Ground out 6-3 (Groundball, 6, EV 91.2 MPH) Xavier Castaneda to third
|
|
Batting: RHB Elijah Hunter
|
0-0: Fly out, F9 (Flyball, 9, EV 85.6 MPH)
|
|
Batting: RHB Juan Mendoza
|
0-0: Called Strike 0-1: Ball 1-1: Fly out, F7 (Flyball, 78M, EV 78.8 MPH)
|
| Top of the 1st over - 0 runs, 1 hit, 0 errors, 1 left on base; Quad Cities 0 - Beloit 0 |
| BOTTOM OF THE 1ST |
|
Beloit Snappers batting - Pitching for Quad Cities River Bandits : RHP Scott Spillman
|
|
Pitching: RHP Scott Spillman
|
|
|
Batting: SHB Robert Santiago
|
0-0: Called Strike 0-1: DOUBLE (Line Drive, 89D, EV 105.0 MPH)
|
|
Batting: RHB Rick Linders
|
0-0: Swinging Strike 0-1: Ball 1-1: Ball 2-1: Foul Ball, location: 2F 2-2: Strikes out swinging
|
|
Batting: RHB Tim Cordle
|
0-0: Foul Ball, location: 2F 0-1: SINGLE (Line Drive, 4D, EV 93.8 MPH) Robert Santiago to third Runner from 3rd tries for Home, throw by RF and OUT! 9-2 Tim Cordle to second
|
|
Batting: RHB Josh Whaley
|
0-0: Ball 1-0: Foul Ball, location: 2F 1-1: Ball 2-1: Foul Ball, location: 2F 2-2: Fly out, F8 (Flyball, 8LXD, EV 91.2 MPH)
|
| Bottom of the 1st over - 0 runs, 2 hits, 0 errors, 1 left on base; Quad Cities 0 - Beloit 0 |
| TOP OF THE 2ND |
|
Quad Cities River Bandits batting - Pitching for Beloit Snappers : RHP Jan Cole
|
|
Batting: LHB Josh Birkner
|
0-0: Ball 1-0: Ball 2-0: Called Strike 2-1: Ball 3-1: Foul Ball, location: 2F 3-2: Base on Balls
|
|
Batting: RHB Justin Olmstead
|
0-0: Foul Ball, location: 2F 0-1: Ball 1-1: Called Strike 1-2: Foul Ball, location: 2F 1-2: Strikes out swinging
|
|
Batting: LHB Danny Wolver
|
0-0: SINGLE (Groundball, 6S, EV 61.9 MPH) (infield hit) Josh Birkner to second
|
|
Batting: RHB Kieron Clark
|
0-0: Called Strike 0-1: Foul Ball, location: 2F 0-2: Foul Ball, location: 2F 0-2: Strikes out swinging
|
|
Batting: SHB Salvador Gomez
|
0-0: Called Strike 0-1: Fielders Choice at 2nd, 5-4 (Groundball, 5, EV 83.8 MPH)
|
| Top of the 2nd over - 0 runs, 1 hit, 0 errors, 2 left on base; Quad Cities 0 - Beloit 0 |
| BOTTOM OF THE 2ND |
|
Beloit Snappers batting - Pitching for Quad Cities River Bandits : RHP Scott Spillman
|
|
Batting: RHB Casey Nicita
|
0-0: Swinging Strike 0-1: Swinging Strike 0-2: Fly out, F6 (Line Drive, 6MD, EV 71.2 MPH)
|
|
Batting: RHB Todd Vanasco
|
0-0: Called Strike 0-1: SINGLE (Groundball, 6M, EV 103.8 MPH) (infield hit)
|
|
Batting: RHB Jose Marquez
|
0-0: Called Strike 0-1: Called Strike Todd Vanasco steals 2nd base 0-2: Strikes out swinging
|
|
Batting: SHB Mike Jorgenson
|
0-0: Called Strike 0-1: Called Strike 0-2: Fly out, F8 (Flyball, 8LM, EV 81.2 MPH)
|
| Bottom of the 2nd over - 0 runs, 1 hit, 0 errors, 1 left on base; Quad Cities 0 - Beloit 0 |
| TOP OF THE 3RD |
|
Quad Cities River Bandits batting - Pitching for Beloit Snappers : RHP Jan Cole
|
|
Batting: RHB Xavier Castaneda
|
0-0: Ball 1-0: Foul Ball, location: 2F 1-1: Called Strike 1-2: Foul Ball, location: 2F 1-2: Fly out, F8 (Flyball, 8LD, EV 83.1 MPH)
|
|
Batting: RHB Nick Deegan
|
0-0: Ball 1-0: Ball 2-0: Ball 3-0: Called Strike 3-1: Ground out U3 (Groundball, 3, EV 89.4 MPH)
|
|
Batting: RHB Elijah Hunter
|
0-0: Fly out, F8 (Flyball, 8RXD, EV 108.8 MPH)
|
| Top of the 3rd over - 0 runs, 0 hits, 0 errors, 0 left on base; Quad Cities 0 - Beloit 0 |
| BOTTOM OF THE 3RD |
|
Beloit Snappers batting - Pitching for Quad Cities River Bandits : RHP Scott Spillman
|
|
Batting: RHB Hidetada Iba
|
0-0: Ball 1-0: Called Strike 1-1: Ball 2-1: Called Strike 2-2: Strikes out swinging
|
|
Batting: SHB Robert Santiago
|
0-0: Ball 1-0: Foul Ball, location: 2F 1-1: Ball 2-1: Ball 3-1: Base on Balls
|
|
Batting: RHB Rick Linders
|
0-0: SINGLE (Groundball, 6M, EV 88.8 MPH) (infield hit) Robert Santiago to second
|
|
Batting: RHB Tim Cordle
|
0-0: Ball Robert Santiago steals 3rd base (no throw) Rick Linders to second 1-0: Foul Ball, location: 2F 1-1: Ball 2-1: SINGLE (Groundball, 34D, EV 96.9 MPH) Robert Santiago scores Rick Linders to third Runner from 3rd tries for Home, throw by RF and OUT! 9-2
|
|
Batting: RHB Josh Whaley
|
0-0: Ball 1-0: Ball 2-0: Foul Ball, location: 2F 2-1: Foul Ball, location: 2F 2-2: Foul Ball, location: 2F 2-2: Strikes out swinging
|
| Bottom of the 3rd over - 1 run, 2 hits, 0 errors, 1 left on base; Quad Cities 0 - Beloit 1 |
| TOP OF THE 4TH |
|
Quad Cities River Bandits batting - Pitching for Beloit Snappers : RHP Jan Cole
|
|
Batting: RHB Juan Mendoza
|
0-0: Ball 1-0: Ball 2-0: Ball 3-0: Base on Balls
|
|
Batting: LHB Josh Birkner
|
0-0: Ball 1-0: Ball 2-0: SINGLE (Line Drive, 6MD, EV 96.9 MPH) Juan Mendoza to second Runner from 2nd tries for 3rd, SAFE, throw by CF made to third
|
|
Batting: RHB Justin Olmstead
|
0-0: Ball 1-0: SINGLE (Line Drive, 56, EV 97.5 MPH) Juan Mendoza scores Josh Birkner to second
|
|
Batting: LHB Danny Wolver
|
0-0: Ball 1-0: Fielders Choice at 2nd, 4-6 (Groundball, 34D, EV 102.5 MPH) Josh Birkner to third
|
|
Batting: RHB Kieron Clark
|
0-0: Foul Ball, location: 2F 0-1: DOUBLE (Line Drive, 78D, EV 113.1 MPH) Josh Birkner scores Danny Wolver to third Runner from 3rd tries for Home, SAFE, no throw by CF
|
|
Batting: SHB Salvador Gomez
|
0-0: Foul Ball, location: 2F 0-1: Ground out 6-3 (Groundball, 6S, EV 79.4 MPH)
|
|
Batting: RHB Xavier Castaneda
|
0-0: Ball 1-0: Called Strike 1-1: Called Strike 1-2: SINGLE (Line Drive, 78S, EV 108.1 MPH) Kieron Clark to third Runner from 3rd tries for Home, SAFE, throw by CF to home
|
|
Batting: RHB Nick Deegan
|
0-0: Fly out, F8 (Flyball, 8RD, EV 87.5 MPH)
|
| Top of the 4th over - 4 runs, 4 hits, 0 errors, 1 left on base; Quad Cities 4 - Beloit 1 |
| BOTTOM OF THE 4TH |
|
Beloit Snappers batting - Pitching for Quad Cities River Bandits : RHP Scott Spillman
|
|
Batting: RHB Casey Nicita
|
0-0: Foul Ball, location: 2F 0-1: Ball 1-1: SOLO HOME RUN (Flyball, 9LD, EV 89.4 MPH), Distance : 336 ft
|
|
Batting: RHB Todd Vanasco
|
0-0: Ball 1-0: Fly out, F8 (Flyball, 89D, EV 95.0 MPH)
|
|
Batting: RHB Jose Marquez
|
0-0: Swinging Strike 0-1: Called Strike 0-2: Ball 1-2: Ball 2-2: Ball 3-2: Ground out 4-3 (Groundball, 4, EV 80.6 MPH)
|
|
Batting: SHB Mike Jorgenson
|
0-0: Ball 1-0: Fly out, F7 (Flyball, 7LM, EV 87.5 MPH)
|
| Bottom of the 4th over - 1 run, 1 hit, 0 errors, 0 left on base; Quad Cities 4 - Beloit 2 |
| TOP OF THE 5TH |
|
Quad Cities River Bandits batting - Pitching for Beloit Snappers : RHP Jan Cole
|
|
Batting: RHB Elijah Hunter
|
0-0: Fly out, F5 (Popup, 5, EV 67.5 MPH)
|
|
Batting: RHB Juan Mendoza
|
0-0: Called Strike 0-1: Foul Ball, location: 2F 0-2: Ball 1-2: Foul Ball, location: 2F 1-2: Foul Ball, location: 2F 1-2: Fly out, F9 (Flyball, 9LM, EV 90.6 MPH)
|
|
Batting: LHB Josh Birkner
|
0-0: Ball 1-0: Ground out 4-3 (Groundball, 4, EV 101.2 MPH)
|
| Top of the 5th over - 0 runs, 0 hits, 0 errors, 0 left on base; Quad Cities 4 - Beloit 2 |
| BOTTOM OF THE 5TH |
|
Beloit Snappers batting - Pitching for Quad Cities River Bandits : RHP Scott Spillman
|
|
Batting: RHB Hidetada Iba
|
0-0: Ball 1-0: Ball 2-0: Called Strike 2-1: Foul Ball, location: 2F 2-2: Strikes out looking
|
|
Batting: SHB Robert Santiago
|
0-0: Ball 1-0: Ground out 4-3 (Groundball, 4, EV 90.6 MPH)
|
|
Batting: RHB Rick Linders
|
0-0: Called Strike 0-1: Ball 1-1: Ball 2-1: Foul Ball, location: 2F 2-2: Foul Ball, location: 2F 2-2: Ground out 6-3 (Groundball, 6, EV 78.8 MPH)
|
| Bottom of the 5th over - 0 runs, 0 hits, 0 errors, 0 left on base; Quad Cities 4 - Beloit 2 |
| TOP OF THE 6TH |
|
Quad Cities River Bandits batting - Pitching for Beloit Snappers : RHP Jan Cole
|
|
Batting: RHB Justin Olmstead
|
0-0: Fly out, F7 (Flyball, 7, EV 97.5 MPH)
|
|
Batting: LHB Danny Wolver
|
0-0: Foul Ball, location: 2F 0-1: Ground out 6-3 (Groundball, 56, EV 102.5 MPH)
|
|
Batting: RHB Kieron Clark
|
0-0: Called Strike 0-1: Ball 1-1: Foul Ball, location: 2F 1-2: Strikes out swinging
|
| Top of the 6th over - 0 runs, 0 hits, 0 errors, 0 left on base; Quad Cities 4 - Beloit 2 |
| BOTTOM OF THE 6TH |
|
Beloit Snappers batting - Pitching for Quad Cities River Bandits : RHP Scott Spillman
|
|
Batting: RHB Tim Cordle
|
0-0: Called Strike 0-1: Ball 1-1: SINGLE (Groundball, 6D, EV 105.0 MPH)
|
|
Batting: RHB Josh Whaley
|
0-0: Ball 1-0: Ball 2-0: Called Strike 2-1: Foul Ball, location: 2F 2-2: Ball 3-2: Foul Ball, location: 2F 3-2: Foul Ball, location: 2F 3-2: SINGLE (Groundball, 6D, EV 99.4 MPH) Tim Cordle to second
|
|
Pitching: RHP Arsène Serre
|
|
|
Batting: RHB Casey Nicita
|
0-0: Called Strike 0-1: Swinging Strike 0-2: Strikes out swinging
|
|
Batting: RHB Todd Vanasco
|
0-0: Ball 1-0: Ball 2-0: Foul Ball, location: 2F 2-1: Called Strike 2-2: Foul Ball, location: 2F 2-2: Foul Ball, location: 2F 2-2: Ball 3-2: Foul Ball, location: 2F 3-2: Strikes out swinging
|
|
Batting: SHB John Cummings
|
0-0: Called Strike 0-1: Foul Ball, location: 2F 0-2: Strikes out swinging
|
| Bottom of the 6th over - 0 runs, 2 hits, 0 errors, 2 left on base; Quad Cities 4 - Beloit 2 |
| TOP OF THE 7TH |
|
Quad Cities River Bandits batting - Pitching for Beloit Snappers : RHP Jan Cole
|
|
Batting: SHB Salvador Gomez
|
0-0: Ball 1-0: Ball 2-0: Ground out 6-3 (Groundball, 6, EV 85.6 MPH)
|
|
Batting: RHB Xavier Castaneda
|
0-0: Ball 1-0: Called Strike 1-1: Ball 2-1: Foul Ball, location: 2F 2-2: Strikes out swinging
|
|
Batting: RHB Nick Deegan
|
0-0: Swinging Strike 0-1: SINGLE (Line Drive, 34, EV 102.5 MPH)
|
|
Batting: RHB Elijah Hunter
|
0-0: Foul Ball, location: 2F 0-1: Ball 1-1: Ball 2-1: Foul Ball, location: 2F 2-2: Ground out 4-3 (Groundball, 34, EV 80.6 MPH)
|
| Top of the 7th over - 0 runs, 1 hit, 0 errors, 1 left on base; Quad Cities 4 - Beloit 2 |
| BOTTOM OF THE 7TH |
|
Beloit Snappers batting - Pitching for Quad Cities River Bandits : RHP Arsène Serre
|
|
Pitching: RHP Chris Miles
|
|
|
Batting: SHB Mike Jorgenson
|
0-0: Ball 1-0: Called Strike 1-1: Swinging Strike 1-2: Ball 2-2: SOLO HOME RUN (Flyball, 7D, EV 91.9 MPH), Distance : 351 ft
|
|
Pinch Hitting: LHB Angel Sanchez
|
0-0: Called Strike 0-1: Foul Ball, location: 2F 0-2: Ball 1-2: Strikes out swinging
|
|
Batting: SHB Robert Santiago
|
0-0: Called Strike 0-1: Ball 1-1: Ball 2-1: DOUBLE (Line Drive, 7LM, EV 105.6 MPH)
|
|
Pinch Hitting: LHB Henry Hutson
|
0-0: Ball 1-0: Ball 2-0: Called Strike 2-1: Ball 3-1: Foul Ball, location: 2F 3-2: DOUBLE (Line Drive, 9LM, EV 95.0 MPH) Robert Santiago scores
|
|
Batting: RHB Tim Cordle
|
0-0: Fly out, F8 (Flyball, 8RD, EV 87.5 MPH)
|
|
Batting: RHB Josh Whaley
|
0-0: Ball 1-0: Ball 2-0: Ball 3-0: Called Strike 3-1: SINGLE (Groundball, 3D, EV 106.2 MPH) Henry Hutson to third Runner from 3rd tries for Home, throw by RF and OUT! 9-2
|
| Bottom of the 7th over - 2 runs, 4 hits, 0 errors, 1 left on base; Quad Cities 4 - Beloit 4 |
| TOP OF THE 8TH |
|
Quad Cities River Bandits batting - Pitching for Beloit Snappers : RHP Jan Cole
|
|
Now at 2B: Larry Prey
|
|
|
Now in LF: Angel Sanchez
|
|
|
Now in RF: Josh Whaley
|
|
|
Batting: RHB Juan Mendoza
|
0-0: Ball 1-0: Ball 2-0: Called Strike 2-1: Ground out 5-3 (Groundball, 56S, EV 83.1 MPH)
|
|
Batting: LHB Josh Birkner
|
0-0: Ball 1-0: SINGLE (Groundball, 56D, EV 103.1 MPH)
|
|
Pitching: RHP C.J. Ledger
|
|
|
Batting: RHB Justin Olmstead
|
0-0: Ball 1-0: Swinging Strike 1-1: Foul Ball, location: 2F 1-2: Ball 2-2: Ball 3-2: Strikes out swinging
|
|
Batting: LHB Danny Wolver
|
0-0: Ground out 4-3 (Groundball, 4, EV 88.8 MPH)
|
| Top of the 8th over - 0 runs, 1 hit, 0 errors, 1 left on base; Quad Cities 4 - Beloit 4 |
| BOTTOM OF THE 8TH |
|
Beloit Snappers batting - Pitching for Quad Cities River Bandits : RHP Chris Miles
|
|
Batting: RHB Casey Nicita
|
0-0: Ball 1-0: Foul Ball, location: 2F 1-1: SINGLE (Groundball, 6MD, EV 95.6 MPH)
|
|
Batting: RHB Todd Vanasco
|
0-0: Swinging Strike 0-1: Foul Ball, location: 2F 0-2: Ball 1-2: Ball 2-2: SINGLE (Groundball, 6D, EV 106.9 MPH) Casey Nicita to second
|
|
Batting: SHB John Cummings
|
0-0: Foul Ball, location: 2F 0-1: Ball 1-1: Foul Ball, location: 2F 1-2: DOUBLE (Groundball, 3L, EV 105.6 MPH) Casey Nicita scores Todd Vanasco to third
|
|
Batting: SHB Mike Jorgenson
|
0-0: Called Strike 0-1: Ball 1-1: TRIPLE (Flyball, 89XD, EV 105.6 MPH) Todd Vanasco scores John Cummings scores
|
|
Batting: LHB Angel Sanchez
|
0-0: SINGLE (Flyball, 8LS, EV 90.6 MPH) Mike Jorgenson scores
|
|
Batting: SHB Robert Santiago
|
0-0: Called Strike 0-1: SINGLE (Popup, 3D, EV 58.8 MPH) Angel Sanchez to second
|
|
Batting: LHB Larry Prey
|
Balk! Angel Sanchez to third Robert Santiago to second 0-0: Foul Ball, location: 2F 0-1: Foul Ball, location: 2F 0-2: Ball 1-2: Ball 2-2: Strikes out swinging
|
|
Batting: RHB Tim Cordle
|
0-0: Ball 1-0: Foul Ball, location: 2F 1-1: Swinging Strike 1-2: SINGLE (Line Drive, 8RS, EV 86.9 MPH) Angel Sanchez scores Robert Santiago to third Runner from 3rd tries for Home, throw by CF and OUT! 8-2 Tim Cordle to second
|
|
Batting: RHB Josh Whaley
|
0-0: Ball 1-0: DOUBLE (Flyball, 89XD, EV 113.1 MPH) Tim Cordle scores
|
|
Pitching: RHP Robin Yelland
|
|
|
Batting: RHB Casey Nicita
|
0-0: Called Strike 0-1: Called Strike 0-2: Ball 1-2: Strikes out swinging
|
| Bottom of the 8th over - 6 runs, 8 hits, 0 errors, 1 left on base; Quad Cities 4 - Beloit 10 |
| TOP OF THE 9TH |
|
Quad Cities River Bandits batting - Pitching for Beloit Snappers : RHP C.J. Ledger
|
|
Batting: RHB Kieron Clark
|
0-0: TRIPLE (Line Drive, 78XD, EV 106.2 MPH)
|
|
Batting: SHB Salvador Gomez
|
0-0: Called Strike 0-1: Ground out 6-3 (Groundball, 4M, EV 106.9 MPH) Kieron Clark scores
|
|
Batting: RHB Xavier Castaneda
|
0-0: Ball 1-0: Ball 2-0: Called Strike 2-1: Foul Ball, location: 2F 2-2: Strikes out swinging
|
|
Batting: RHB Nick Deegan
|
0-0: Ball 1-0: Ball 2-0: Called Strike 2-1: Ball 3-1: Called Strike 3-2: Foul Ball, location: 2F 3-2: Strikes out looking
|
| Top of the 9th over - 1 run, 1 hit, 0 errors, 0 left on base; Quad Cities 5 - Beloit 10 |
|